 Dungeon Crawl Stone Soup version 0.24-a0-618-ge4662a2d14 (webtiles) character file.

Game seed: 4036753149661240619, levelgen mode: deterministic

798 MordorOrchid the Sneak (level 7, -9/35 HPs)
             Began as a Vine Stalker Enchanter on Sept 15, 2019.
             Mangled by a hell rat (13 damage)
             ... on level 5 of the Dungeon.
             The game lasted 00:29:07 (3446 turns).

MordorOrchid the Sneak (Vine Stalker Enchanter)     Turns: 3446, Time: 00:29:07

Health: -9/35      AC:  4    Str: 10    XL:     7   Next: 90%
Magic:  0/13       EV: 12    Int: 17    God:
Gold:   316        SH:  0    Dex: 15    Spells: 1/13 levels left

rFire    . . .     SeeInvis .   z - +1 short sword (vamp)
rCold    . . .     Gourm    .   (no shield)
rNeg     . . .     Faith    .   b - +0 robe
rPois    .         Spirit   +   v - +0 helmet (curse)
rElec    .         Reflect  .   q - +0 cloak
rCorr    .         Harm     .   (no gloves)
MR       .....                  (no boots)
Stlth    +++.......             (no amulet)
HPRegen  0.51/turn              (no ring)
MPRegen  0.13/turn              (no ring)

@: drained
A: fangs 2, regeneration 1, magic shield, antimagic bite, no potion heal 3, rot
immunity
a: no special abilities


You were on level 5 of the Dungeon.
You were hungry.

You visited 1 branch of the dungeon, and saw 5 of its levels.

You collected 316 gold pieces.

Inventory:

Hand Weapons
 a - a +1 dagger
 j - a +0 hunting sling
 r - a +2 dagger of venom
 x - a +0 hunting sling
 z - a +1 vampiric short sword (weapon)
Missiles
 c - 74 stones
 k - 18 bolts
 n - 57 arrows
 p - 80 sling bullets
 w - a throwing net
 A - 2 boomerangs
 D - 4 poisoned darts (quivered)
Armour
 b - a +0 robe (worn)
 h - a +0 ring mail
 i - a +0 leather armour
 q - a +0 cloak (worn)
 u - a +0 ring mail
 v - a cursed +0 helmet (worn)
Magical Staves
 F - an uncursed staff of poison {unknown}
Jewellery
 l - an uncursed amulet of faith
Wands
 C - a wand of iceblast (5)
 G - a wand of random effects (21)
Scrolls
 e - a scroll of amnesia
 g - a scroll of immolation
 s - a scroll of fog {unknown}
 t - a scroll of remove curse {unknown}
 y - 4 scrolls of random uselessness {unknown}
 B - a scroll of enchant weapon {unknown}
 E - 4 scrolls of teleportation
 H - a scroll of fear {unknown}
Potions
 f - 2 potions of flight
 m - a potion of curing
 o - 2 potions of mutation
 J - a potion of might {unknown}
 K - a potion of degeneration {unknown}
Comestibles
 d - 8 rations
 I - 6 chunks of flesh


   Skills:
 - Level 2.0(1.1) Fighting
 * Level 3.7(2.8) Short Blades
 * Level 2.9(2.0) Dodging
 - Level 6.1(5.1) Stealth
 * Level 3.8(2.9) Spellcasting
 * Level 1.0(0.2) Conjurations
 * Level 4.2(3.3) Hexes
 - Level 1.0(0.2) Ice Magic
 * Level 1.0(0.2) Evocations


You had one spell level left.
You knew the following spells:

 Your Spells              Type           Power        Failure   Level  Hunger
a - Corona                Hex            ##.....      4%          1    None
b - Ensorcelled Hibernat  Hex/Ice        #.....       13%         2    ##.....
c - Confuse               Hex            ##......     13%         3    ###....
d - Tukima's Dance        Hex            ##......     13%         3    ###....
e - Dazzling Spray        Conj/Hex       #.....       26%         3    ###....

Your spell library contained the following spells:

 Spells                   Type           Power        Failure   Level  Hunger


Dungeon Overview and Level Annotations

Branches:
Dungeon (5/15)
 Temple: D:4-7

Altars:
Elyvilon
Fedhas
Gozag
Hepliaklqana
Ru
Uskayaw
Wu Jian
Xom
The Shining One


Innate Abilities, Weirdness & Mutations

You have extremely sharp teeth.
Your natural rate of healing is unusually fast.
When hurt, damage is shared between your health and your magic reserves.
Your bite disrupts and absorbs the magic of your enemies.
Potions cannot restore your health.
You are immune to rotting.


Message History

The hell rat barely misses you.
You hit the hell rat but do no damage.
The hell rat is severely wounded.
The hell rat bites you.
* * * LOW HITPOINT WARNING * * *
You feel drained.
* * * LOW HITPOINT WARNING * * *
The hell rat runs around in a circle.
The hell rat bites the rat!
The rat is killed!
You hit the hell rat but do no damage. Your bite misses the hell rat.
The hell rat is severely wounded.
The hell rat bites you.
* * * LOW HITPOINT WARNING * * *
You feel drained.
Unknown command.
You hit the hell rat.
The hell rat is severely wounded.
The hell rat bites you!
You die...

#..........# #........####.##
#..........#######.).......#.....
#.....)###......)......#.#.#.#.##
#......###.#############.#)#.....
#......'...##.#.# #<#..#
#......###.#.#.## ####'##+##
#......# ###.##.## #.........
.......# ##.####.# #.........
.##....###.### #@## #.........
..###.###.##[. ##r# #####..#...
...##.###.#...###†# #.........#
....#.##.##..r.#.†# #.........#
_.....###.#.r.r#..# #<.......##
....#.##.## #..#..# #..........
...##.##.##..#..#.#####..........
..##..##.##....#..##.............
.##..####.##.....###.#####+#.....


You could see a hell rat (confused).

Vanquished Creatures
  2 ogres (D:4)
  A phantom (D:4)
  A crimson imp (D:5)
  A hound (D:5)
  A bullfrog skeleton (D:5)
  An iguana (D:5)
  5 orc wizards
  A worker ant (D:4)
  4 gnolls
  6 adders
  5 river rats (D:5)
  An adder skeleton (D:5)
  4 worms
  4 dart slugs
  13 orcs
  7 bats
  3 giant cockroaches (D:1)
  8 goblins
  6 hobgoblins
  4 jackals (D:5)
  11 kobolds
  2 quokkas
  6 frilled lizards
  A leopard gecko skeleton (D:4)
  22 rats
120 creatures vanquished.

Notes
Turn   | Place    | Note
-------+----------+-------------------------------------------
     0 | D:1      | MordorOrchid the Vine Stalker Enchanter began the quest for
                  | the Orb.
     0 | D:1      | Reached XP level 1. HP: 9/9 MP: 4/4
    22 | D:1      | Reached skill level 1 in Short Blades
   129 | D:1      | Reached XP level 2. HP: 13/14 MP: 3/6
   150 | D:1      | Learned a level 2 spell: Ensorcelled Hibernation
   194 | D:1      | Reached skill level 4 in Stealth
   396 | D:1      | Reached XP level 3. HP: 13/17 MP: 5/7
   401 | D:1      | Learned a level 3 spell: Confuse
   698 | D:2      | Found an ornate altar of the Wu Jian Council.
   894 | D:2      | Found an opulent altar of Gozag.
  1177 | D:2      | Reached skill level 1 in Fighting
  1177 | D:2      | Gained mutation: Your natural rate of healing is unusually
                  | fast. [Vine Stalker growth]
  1177 | D:2      | Reached XP level 4. HP: 7/22 MP: 1/8
  1564 | D:3      | Reached skill level 1 in Ice Magic
  1758 | D:3      | Reached XP level 5. HP: 25/25 MP: 9/9
  1821 | D:3      | Reached skill level 5 in Stealth
  1931 | D:3      | Found a sacrificial altar of Ru.
  1931 | D:3      | Found a blossoming altar of Fedhas.
  2167 | D:4      | Found a shimmering altar of Xom.
  2167 | D:4      | Noticed a phantom
  2179 | D:4      | Killed a phantom
  2179 | D:4      | Reached XP level 6. HP: 30/30 MP: 9/11
  2184 | D:4      | Learned a level 3 spell: Tukima's Dance
  2281 | D:4      | Found a hazy altar of Hepliaklqana.
  2353 | D:4      | Found a hide-covered altar of Uskayaw.
  2500 | D:4      | Reached skill level 6 in Stealth
  2500 | D:4      | Reached XP level 7. HP: 34/34 MP: 12/12
  2833 | D:4      | Learned a level 3 spell: Dazzling Spray
  2843 | D:4      | Found a glowing golden altar of the Shining One.
  2962 | D:5      | Entered Level 5 of the Dungeon
  3183 | D:5      | Found a white marble altar of Elyvilon.
  3391 | D:5      | Reached skill level 1 in Conjurations
  3422 | D:5      | Found the +2 ratskin cloak {+Rats rPois rN+ Str-1 Int-1
                  | Dex+1}
  3423 | D:5      | Reached skill level 1 in Evocations
  3446 | D:5      | Mangled by a hell rat

Levels and vault maps discovered:
D:1:      tarquinn_simple_flora_water_d, layout_basic
D:2:      minmay_recursive_quarters, layout_basic, lemuel_crystal_altar,
          old_standard_altar
D:3:      cheibrodos_old_hovel, layout_basic, gammafunk_temple_overflow_wave,
          first_ration, chequers_hall_statues_wall_a
D:4:      minmay_door_path, layout_loops_ring, kennysheep_little_box,
          xom_butterflies, lemuel_doored_altar, nicolae_overflow_crystal_walls,
          minmay_box_of_dots
D:5:      wander_guarded_unrand_ratskin, layout_basic, lemuel_round_altar,
          minivault_23

Skill      XL: |  1  2  3  4  5  6  7 |
---------------+----------------------+-----
Short Blades   | 1 2 3 |  3.7
Stealth        | 4 5 6 |  6.1
Dodging        | 2 |  2.9
Fighting       | 1 2 |  2.0
Ice Magic      | 1 |  1.0
Spellcasting   | 3 |  3.8
Hexes          | 4 |  4.2
Conjurations   | 1 |  1.0
Evocations     | 1 |  1.0

Action                   |  1- 3 |  4- 6 |  7- 9 || total
-------------------------+-------+-------+-------++-------
Melee: Dagger            |    77 |    10 |       ||    87
       Bite              |    16 |    27 |    25 ||    68
       Short sword       |       |    83 |   144 ||   227
Throw: Dart              |     9 |    25 |     4 ||    38
 Cast: Corona            |    27 |     8 |     5 ||    40
       Ensorcelled Hiber |     3 |     8 |     5 ||    16
       Confuse           |     2 |     5 |    12 ||    19
       Dazzling Spray    |       |       |     3 ||     3
Evoke: Wand              |       |     1 |     1 ||     2
  Use: Scroll            |     3 |     5 |     1 ||     9
       Potion            |       |     1 |       ||     1
 Stab: Sleeping          |     9 |    14 |    13 ||    36
       Confused          |       |     3 |     4 ||     7
       Paralysed         |       |     3 |       ||     3
       Invisible         |       |       |     1 ||     1
  Eat: Chunk             |     1 |     6 |     5 ||    12
Armor: Robe              |    21 |    15 |    25 ||    61
Dodge: Dodged            |    69 |    56 |    69 ||   194

Table legend:
 A = Non-vault XP
 B = Vault XP
 C = Vault XP percentage of total XP
 D = Non-vault monster count
 E = Vault monster count
 F = Vault count percentage of total count
                 A         B        C        D         E       F
            +---------+---------+-------+---------+---------+-------
      Total |     892 |     249 |  21.8 |      91 |      29 |  24.2
            +---------+---------+-------+---------+---------+-------
        D:1 |      38 |       0 |   0.0 |      19 |       0 |   0.0
        D:2 |      16 |      36 |  69.2 |      10 |       8 |  44.4
        D:3 |     107 |       1 |   0.9 |      24 |       1 |   4.0
        D:4 |     389 |     134 |  25.6 |      15 |       2 |  11.8
        D:5 |     342 |      78 |  18.6 |      23 |      18 |  43.9
            +---------+---------+-------+---------+---------+-------
